 Dungeon Crawl Stone Soup version 0.19-a0-1670-gc28a5d9 (webtiles) character file.

1842 st0uf the Changer (level 8, -2/67 HPs)
             Began as a Grey Draconian Transmuter on Sept 21, 2016.
             Was a Believer of Okawaru.
             Slain by wazuzu's ghost (16 damage)
             ... on level 6 of the Dungeon.
             The game lasted 00:48:17 (6232 turns).

st0uf the Changer (Grey Draconian Transmuter)       Turns: 6232, Time: 00:48:18

Health: -2/67      AC: 12    Str: 13    XL:     8   Next: 87%
Magic:  19/25      EV: 21    Int: 15    God:    Okawaru [**....]
Gold:   91         SH:  4    Dex: 12    Spells: 4 memorised, 7 levels left

rFire  . . .     SeeInvis .       - Unarmed
rCold  + . .     Gourm    .     (armour unavailable)
rNeg   + + +     Faith    .     (shield currently unavailable)
rPois  +         Spirit   .     (helmet restricted)
rElec  .         Dismiss  .     (cloak currently unavailable)
rCorr  .         Reflect  +     (gloves currently unavailable)
MR     .....     Harm     .     (boots currently unavailable)
Stlth  +.........               G - +4 amulet of reflection
                                q - ring of protection from cold
                                j - ring of magical power

@: fungus-form, very slightly contaminated
A: (walk through water), unfitting armour, (unbreathing), (cold-blooded), AC +11
a: Heroism, Renounce Religion


You were on level 6 of the Dungeon.
You worshipped Okawaru.
Okawaru was pleased with you.
You were not hungry.
You were a sentient fungus.
You visited 2 branches of the dungeon, and saw 7 of its levels.
You also visited: Ossuary.

You collected 304 gold pieces.
You spent 213 gold pieces at shops.

Inventory:

Missiles
 a - 39 arrows
Armour
 A - a cursed +0 pair of boots (melded)
 I - a +2 cloak (melded)
Jewellery
 j - a ring of magical power (left hypha)
 q - a ring of protection from cold (right hypha)
 s - an uncursed ring of see invisible
 B - an uncursed ring of fire
 G - a +4 amulet of reflection (around neck)
 K - an uncursed ring of resist corrosion
Wands
 t - a wand of polymorph (17/24)
 F - a wand of lightning (0/15)
 L - a wand of digging (7/24)
Scrolls
 d - 4 scrolls of remove curse
 l - 4 scrolls of amnesia
 n - a scroll of recharging
 p - 6 scrolls of identify
 D - a scroll of magic mapping
Potions
 e - a potion of heal wounds {unknown}
 f - 4 potions of curing
 h - 3 potions of lignification {unknown}
 i - a potion of magic {unknown}
 k - 4 potions of agility {unknown}
 m - a potion of flight {unknown}
 r - a potion of haste {unknown}
 v - 5 potions of brilliance {unknown}
 x - 2 potions of cancellation {unknown}
 z - 2 potions of berserk rage {unknown}
 E - 2 potions of invisibility {unknown}
 H - a potion of cure mutation {unknown}
 M - a potion of beneficial mutation {unknown}
 N - a potion of resistance {unknown}
Books
 b - a book of Changes

   Spells                             Type                      Level
   a - Beastly Appendage              Transmutation                1
   b - Sticks to Snakes               Transmutation                2
   c - Spider Form                    Transmutation/Poison         3
   d - Ice Form                       Ice/Transmutation            4
   e - Blade Hands                    Transmutation                5
 J - a book of Conjurations

   Spells                             Type                      Level
   a - Magic Dart                     Conjuration                  1
   b - Searing Ray                    Conjuration                  2
   c - Dazzling Spray                 Conjuration/Hexes            3
   d - Fulminant Prism                Conjuration/Hexes            4
   e - Iskenderun's Mystic Blast      Conjuration                  4
   f - Iskenderun's Battlesphere      Conjuration/Charms           5
Comestibles
 c - 2 bread rations
 o - 2 meat rations
 u - 2 beef jerkies
 w - 6 fruits
 O - a chunk of flesh


   Skills:
 + Level 4.3 Fighting
 + Level 4.1 Dodging
 + Level 4.9 Unarmed Combat
 * Level 5.7 Spellcasting
 * Level 6.4 Transmutations
 + Level 3.3 Invocations


You had 7 spell levels left.
You knew the following spells:

 Your Spells              Type           Power        Failure   Level  Hunger
a - Beastly Appendage     Tmut           ###...       1%          1    None
b - Sticks to Snakes      Tmut           ###.....     1%          2    #......
c - Spider Form           Tmut/Pois      ##........   14%         3    ###....
d - Blade Hands           Tmut           ###.......   34%         5    ######.


Dungeon Overview and Level Annotations

Branches:
Dungeon (6/15)             Temple (1/1) D:5

Altars:
Ashenzari
Cheibriados
Gozag
Hepliaklqana
Kikubaaqudgha
Makhleb
Nemelex Xobeh
Okawaru
Qazlal
Ru
Sif Muna
Trog
Uskayaw
Xom
Yredelemnul
Zin
The Shining One

Shops:
D:4 *

Annotations:
D:5 Soeti's ghost, novice DDFi
D:6 wazuzu's ghost, novice DsGl


Innate Abilities, Weirdness & Mutations

((You can walk through water.))
((Your dull iron-grey scales are very hard. (AC +11)))
Your body does not fit into most forms of armour.
((You can survive without breathing.))
((You are cold-blooded and may be slowed by cold attacks.))


Message History

It is a scroll of recharging.
Charge which item? (? for menu, Esc to quit)
Your wand of polymorph glows for a moment.
Wazuzu's ghost closely misses you.
You can't wield anything in your present form.
Evoke which item? (* to show all) (? for menu, Esc to quit)
You have no means to grasp a wand firmly enough.
Okay, then.
As you read the scroll labeled KAQILUNADD, it crumbles to dust.
You feel aware of your surroundings.
You sensed 1 altar.
It was a scroll of magic mapping.
Wazuzu's ghost hits you but does no damage.
As you read the scroll labeled NONTISOHAOF, it crumbles to dust.
It is a scroll of enchant weapon.
You aren't carrying any weapons that can be enchanted.
Wazuzu's ghost closely misses you.
As you read the scroll labeled BYAXKU FEOXY, it crumbles to dust.
The scroll dissolves into smoke.
It was a scroll of fog.
Wazuzu's ghost hits you!
You die...

#......)....).....o...,,,,,***
#.....................,,,,***,
#.....................,>,,*,,,
*#.....................,,,,,,,*
*#.............)........,,,,,,**
**.......................,**,,,**
,,.#.....................*****,,*
,,*#...........§§§.......* *,,,
,,**...........Wf........** **,,
,,**,..........§§§.......,* *,,
,,,,,,............)......,* ***,,
,,*,,,,..................,***,,,,
,,**,,...................,,,,,,**
,,**,....................,******
,,,*.....................**
,,,...(.g.......(....%..,*
**>............((.......,*


You could see wazuzu's ghost.

Vanquished Creatures
  Prince Ribbit (D:6)
  The ghost of st0uf the Digger, an amateur GrEE of Vehumet (Ossuary)
  2 ogres
  A centaur (D:6)
  8 scorpions
  A crimson imp (D:5)
  2 human zombies (Ossuary)
  A centaur zombie (Ossuary)
  2 orc priests
  3 orc wizards
  Crazy Yiuf (D:4)
  A centaur skeleton (D:4)
  2 iguanas
  Natasha (twice) (D:3)
  A worker ant (D:4)
  2 big kobold zombies (Ossuary)
  A hound zombie (D:6)
  2 mummies (Ossuary)
  A worker ant zombie (D:4)
  10 gnolls
  6 adders
  5 scorpion zombies (Ossuary)
  A worm (D:2)
  3 dart slugs (D:3)
  4 leopard geckos
  7 orcs
  5 giant cockroaches
  A gnoll zombie (Ossuary)
  7 hobgoblins
  12 jackals
  8 kobolds
  3 quokkas
  2 ball pythons
  11 bats
  4 frilled lizards
  6 goblins
  A goblin zombie (Ossuary)
  2 kobold zombies (Ossuary)
  2 orc zombies (Ossuary)
  9 rats
144 creatures vanquished.

Vanquished Creatures (collateral kills)
  A scorpion (Ossuary)
  A centaur zombie (Ossuary)
  A hound (D:5)
  An orc priest (D:6)
  An iguana (D:2)
  Natasha (D:6)
  A mummy (Ossuary)
  5 gnolls
  2 scorpion zombies (Ossuary)
  2 goblin zombies (Ossuary)
16 creatures vanquished.

Vanquished Creatures (others)
  2 scorpions (Ossuary)
  A big kobold zombie (Ossuary)
  A gnoll zombie (Ossuary)
  A kobold zombie (Ossuary)
  An orc zombie (Ossuary)
6 creatures vanquished.

Grand Total: 166 creatures vanquished

Notes
Turn   | Place    | Note
-------+----------+-------------------------------------------
     0 | D:1      | st0uf the Draconian Transmuter began the quest for the Orb.
     0 | D:1      | Reached XP level 1. HP: 16/16 MP: 3/3
   374 | D:1      | Reached XP level 2. HP: 23/23 MP: 3/5
   393 | D:1      | Learned a level 2 spell: Sticks to Snakes
  1468 | D:2      | Reached XP level 3. HP: 28/28 MP: 4/6
  1473 | D:2      | Learned a level 3 spell: Spider Form
  1519 | D:2      | Reached skill level 3 in Transmutations
  1725 | D:2      | HP: 1/28 [gnoll/spear (8)]
  2466 | D:2      | Reached XP level 4. HP: 28/35 MP: 8/8
  2695 | D:3      | Reached XP level 5. HP: 31/41 MP: 9/9
  2884 | D:3      | Noticed Natasha
  2893 | D:3      | Killed Natasha
  3008 | D:3      | Noticed Natasha
  3022 | D:3      | Killed Natasha
  3078 | D:3      | Reached XP level 6. HP: 36/48 MP: 11/11
  3108 | D:3      | Reached skill level 4 in Transmutations
  3730 | D:4      | Found a runed door.
  3858 | D:4      | Your scales start taking on a dull iron-grey colour.
  3858 | D:4      | Reached XP level 7. HP: 56/56 MP: 13/13
  3858 | D:4      | Gained mutation: You can survive without breathing. [Grey Draconian growth]
  4170 | D:4      | Found Alaschufar's Assorted Antiques.
  4186 | D:4      | Learned a level 5 spell: Blade Hands
  4186 | D:4      | Bought a scroll labeled GAUMEV VOSOCVA for 24 gold pieces
  4186 | D:4      | Bought a scroll labeled NONTISOHAOF for 24 gold pieces
  4186 | D:4      | Bought a scroll labeled ANWITO ISUFFI for 24 gold pieces
  4186 | D:4      | Bought a scroll labeled KAQILUNADD for 24 gold pieces
  4186 | D:4      | Bought 3 scrolls labeled GAUMEV VOSOCVA for 72 gold pieces
  4186 | D:4      | Bought a sedimented orange potion for 21 gold pieces
  4186 | D:4      | Bought a scroll labeled ANWITO ISUFFI for 24 gold pieces
  4342 | D:4      | Noticed Crazy Yiuf
  4358 | D:4      | Killed Crazy Yiuf
  4405 | D:5      | Entered Level 5 of the Dungeon
  4451 | D:5      | Found a snail-covered altar of Cheibriados.
  4498 | D:5      | Noticed Soeti's ghost (novice DDFi)
  4619 | D:5      | Found a staircase to the Ecumenical Temple.
  4625 | Temple   | Entered the Ecumenical Temple
  4770 | Temple   | Became a worshipper of Warmaster Okawaru
  5024 | D:6      | Noticed Natasha
  5038 | D:6      | Killed Natasha
  5143 | D:5      | Reached skill level 5 in Transmutations
  5143 | D:5      | Reached skill level 1 in Invocations
  5158 | D:6      | Found a sand-covered staircase.
  5245 | Ossuary  | Entered an ossuary
  5422 | Ossuary  | Reached * piety under Okawaru
  5460 | Ossuary  | Reached XP level 8. HP: 66/66 MP: 15/15
  5488 | Ossuary  | Noticed st0uf's ghost (amateur GrEE)
  5525 | Ossuary  | Reached skill level 5 in Spellcasting
  5539 | Ossuary  | Killed st0uf's ghost
  5743 | Ossuary  | Reached skill level 6 in Transmutations
  5955 | D:6      | Noticed wazuzu's ghost (novice DsGl)
  5997 | D:6      | Noticed Prince Ribbit
  6005 | D:6      | Killed Prince Ribbit
  6005 | D:6      | Reached ** piety under Okawaru
  6232 | D:6      | Slain by wazuzu's ghost

Vault maps used:
D:1:      dpeg_arrival_erosion
D:3:      grunt_ministairs_12, kennysheep_generic_room_13, uniq_natasha
D:4:      serial_shops, nicolae_shop_overgrown_old_shop, uniq_crazy_yiuf_cottage
D:5:      cheibriados_altar_1, grunt_temple_overflow_open, first_bread,
          kennysheep_windowed_goal
D:6:      lightli_ossuary_entry_decrepit_ruins, wad_floor_pattern_2,
          ashenzari_altar_1, uniq_grinder, uniq_prince_ribbit1
Temple:   regret_index_temple_sphere_string
Ossuary:  ossuary_minmay_scorpions

Skill      XL: |  1  2  3  4  5  6  7  8 |
---------------+-------------------------+-----
Transmutations | 3 4 5 6 |  6.4
Dodging        | 2 3 4 |  4.1
Spellcasting   | 3 4 5 |  5.7
Fighting       | 2 3 4 |  4.3
Unarmed Combat | 4 |  4.9
Invocations    | 1 3 |  3.3

Action                   |  1- 3 |  4- 6 |  7- 9 || total
-------------------------+-------+-------+-------++-------
Melee: Unarmed           |   152 |   141 |   299 ||   592
       Tailslap          |    16 |     5 |    39 ||    60
       Headbutt          |     6 |     1 |    32 ||    39
       Kick              |     6 |     3 |       ||     9
       Punch             |       |     1 |     3 ||     4
 Cast: Beastly Appendage |    32 |     9 |    19 ||    60
       Sticks to Snakes  |    12 |     7 |    46 ||    65
       Spider Form       |       |    22 |     8 ||    30
Invok: Heroism           |       |       |     3 ||     3
 Abil: End Transformatio |       |     1 |     1 ||     2
Evoke: Wand              |       |       |     5 ||     5
  Use: Scroll            |     1 |       |     9 ||    10
       Potion            |       |       |     2 ||     2
 Stab: Sleeping          |       |     1 |       ||     1
       Distracted        |       |       |     5 ||     5
  Eat: Chunk             |     5 |     8 |     8 ||    21
       Pizza             |     1 |       |       ||     1
       Royal jelly       |       |       |     1 ||     1
       Fruit             |       |       |     1 ||     1
Armor: Skin              |    50 |    27 |    73 ||   150
Dodge: Dodged            |    97 |   108 |   168 ||   373
Block: Other             |       |       |    48 ||    48
       Reflection        |       |       |     3 ||     3
